 Dungeon Crawl Stone Soup version 0.27.1-3-gb3d3a73c9e (webtiles) character file.

Game seed: 16316602400792305946

157122 cdecastro the Executioner (level 17, -7/165 (170) HPs)
             Began as a Minotaur Berserker on Oct 10, 2021.
             Was a High Priest of Trog.
             Killed by the air
             ... invoked by a wind drake
              (16 damage)
             ... on level 1 of the Shoals on Oct 11, 2021.
             The game lasted 01:35:36 (41347 turns).

cdecastro the Executioner (Minotaur Berserker)     Turns: 41347, Time: 01:35:37

HP:   -7/165 (170)  AC: 28    Str: 24    XL:     17   Next: 11%
MP:   0/16          EV: 13    Int:  4    God:    Trog [*****.]
Gold: 657           SH:  0    Dex: 18    Spells: 16/16 levels left

rFire    + + .     SeeInvis +   a - +8 battleaxe of Contention {vorpal, rF+ SInv}
rCold    . . .     Faith    .   (shield currently unavailable)
rNeg     . . .     Spirit   +   v - +3 plate armour
rPois    +         Reflect  .   (helmet restricted)
rElec    .         Harm     .   D - +0 cloak
rCorr    .         Rampage  .   c - +2 pair of gloves {Dex+3}
Will     ++...                  f - +2 pair of boots "Rerhamn" {rF+ Will+}
Stlth    ..........             j - amulet of Locok {Spirit +Blink}
HPRegen  0.37/turn              t - +4 ring of evasion
MPRegen  0.15/turn              Y - ring of Xom's Entertainment {rPois SInv}

@: spiked, lightly drained, very slow
A: horns 2, retaliatory headbutt
a: Renounce Religion, Evoke Blink, Berserk, Trog's Hand, Brothers in Arms


You were on level 1 of the Shoals.
You worshipped Trog.
Trog was extremely pleased with you.
You visited 5 branches of the dungeon, and saw 26 of its levels.
You also visited: Sewer and Gauntlet.

You collected 1705 gold pieces.
You spent 1048 gold pieces at shops.

Inventory:

Hand Weapons
 a - the +8 battleaxe of Contention (weapon) {vorpal, rF+ SInv}
   (Trog gifted it to you on level 1 of the Lair of Beasts)

   It inflicts extra damage upon your enemies.
   rF:        It protects you from fire.
   SInv:      It lets you see invisible.
 b - a +4 battleaxe of flaming
 B - a +2 arbalest of freezing
Missiles
 g - 625 arrows
 Q - 394 bolts
Armour
 c - a +2 pair of gloves of dexterity (worn)
 f - the +2 pair of boots "Rerhamn" (worn) {rF+ Will+}
   (You found it in a Gauntlet)

   rF:        It protects you from fire.
   Will:      It increases your willpower.
 v - a +3 plate armour (worn)
 D - a +0 cloak (worn)
 U - a +4 ring mail of cold resistance
Jewellery
 j - the amulet of Locok (around neck) {Spirit +Blink}
   (You acquired it on level 3 of the Snake Pit)

   [amulet of guardian spirit]

   It causes incoming damage to be divided between your reserves of health and
   magic.
   +Blink:    It lets you blink.
 o - a +4 ring of protection
 t - a +4 ring of evasion (left hand)
 y - a ring of resist corrosion
 z - a ring of positive energy
 A - a ring of magical power
 G - a ring of protection from cold
 Y - the ring of Xom's Entertainment (right hand) {rPois SInv}
   (You found it on level 11 of the Dungeon)

   [ring of poison resistance]

   rPois:     It protects you from poison.
   SInv:      It lets you see invisible.
Wands
 d - a wand of mindburst (18)
 n - a wand of flame (87) (quivered)
 w - a wand of digging (7)
 C - a wand of polymorph (25)
 F - a wand of paralysis (20)
 K - a wand of iceblast (23)
 O - a wand of acid (8)
Scrolls
 i - a scroll of blinking
 m - 6 scrolls of identify
 p - 15 scrolls of teleportation
 q - 6 scrolls of fear
 r - 5 scrolls of magic mapping
 x - a scroll of vulnerability
 E - 5 scrolls of fog
 N - a scroll of brand weapon
 R - 3 scrolls of immolation
 W - 2 scrolls of silence
 X - 3 scrolls of holy word
Potions
 e - 2 potions of invisibility
 h - 4 potions of flight
 l - 6 potions of curing
 s - 9 potions of might
 I - a potion of heal wounds
 J - a potion of magic
 L - a potion of cancellation
 P - 3 potions of haste
 V - 2 potions of resistance
 Z - 2 potions of berserk rage
Miscellaneous
 k - a tin of tremorstones (2/2)
 H - a box of beasts
 M - a piece from Xom's chessboard (15/15)
 T - a phial of floods


   Skills:
 - Level 20.0 Fighting
 + Level 21.8 Axes
 - Level 15.0 Armour
 - Level 2.1 Dodging
 - Level 10.0 Evocations


You had 16 spell levels left.
You didn't know any spells.
Your spell library contained the following spells:

 Spells                   Type           Power      Damage    Failure   Level
 Beastly Appendage        Tmut           0%         N/A       99%         1
 Pain                     Necr           0%         1d4       99%         1
 Static Discharge         Conj/Air       0%         N/A       100%        2
 Wereblood                Tmut           0%         N/A       100%        2
 Conjure Flame            Conj/Fire      0%         6-21      100%        3
 Dazzling Flash           Conj/Hex       0%         N/A       100%        3
 Gell's Gravitas          Tloc           0%         N/A       100%        3
 Ignite Poison            Fire/Tmut/Pois 0%         N/A       100%        3
 Inner Flame              Hex/Fire       0%         N/A       100%        3
 Ozocubu's Armour         Ice            0%         N/A       100%        3
 Spider Form              Tmut/Pois      0%         N/A       100%        3
 Teleport Other           Tloc           0%         N/A       100%        3
 Airstrike                Air            0%         N/A       100%        4
 Cause Fear               Hex            0%         N/A       100%        4
 Dispel Undead            Necr           0%         3d6       100%        4
 Leda's Liquefaction      Hex/Erth       0%         N/A       100%        4
 Petrify                  Tmut/Erth      0%         N/A       100%        4
 Sticky Flame             Conj/Fire      0%         2d3       100%        4
 Summon Lightning Spire   Summ/Air       0%         N/A       100%        4
 Agony                    Necr           0%         N/A       100%        5
 Alistair's Intoxication  Tmut/Pois      0%         N/A       100%        5
 Blade Hands              Tmut           0%         N/A       100%        5
 Bolt of Magma            Conj/Fire/Erth 0%         4d4       100%        5
 Borgnjor's Vile Clutch   Necr/Erth      0%         N/A       100%        5
 Excruciating Wounds      Necr           0%         N/A       100%        5
 Irradiate                Conj/Tmut      0%         3d14      100%        5
 Lightning Bolt           Conj/Air       0%         1d11      100%        5
 Metabolic Englaciation   Hex/Ice        0%         N/A       100%        5
 Silence                  Hex/Air        0%         N/A       100%        5
 Summon Forest            Summ/Tloc      0%         N/A       100%        5
 Conjure Ball Lightning   Conj/Air       0%         3x3d6     100%        6
 Dispersal                Tloc           0%         N/A       100%        6
 Eringya's Noxious Bog    Tmut/Pois      0%         N/A       100%        6
 Statue Form              Tmut/Erth      0%         N/A       100%        6
 Dragon Form              Tmut           0%         N/A       100%        7
 Ozocubu's Refrigeration  Ice            0%         4d5       100%        7
 Summon Hydra             Summ           0%         N/A       100%        7
 Discord                  Hex            0%         N/A       100%        8
 Disjunction              Tloc           0%         N/A       100%        8


Dungeon Overview and Level Annotations

Branches:
Dungeon (15/15)            Temple (1/1) D:5            Lair (6/6) D:8
 Shoals (1/4) Lair:4        Snake (3/4) Lair:4        Slime (0/5) Lair:6
    Orc (0/2) D:11         Vaults (0/5) D:13         Depths (0/5) D:15
  Sewer (visited)         Gauntlet (visited)

Altars:
Ashenzari
Cheibriados
Dithmenos
Elyvilon
Fedhas
Gozag
Hepliaklqana
Kikubaaqudgha
Makhleb
Nemelex Xobeh
Okawaru
Qazlal
Ru
Sif Muna
Trog
Uskayaw
Vehumet
Wu Jian
Xom
Yredelemnul
Zin
The Shining One
Jiyva

Shops:
D:3 *   D:7 [   Snake:1 *   Snake:2 ?(

Portals:
Trove: D:11 (give +6 fire dragon scales)

Annotations:
D:14 Roxanne
Shoals:1 Josephine


Innate Abilities, Weirdness & Mutations

You have a pair of horns on your head.
You reflexively headbutt those who attack you in melee.


Message History

* * * LOW HITPOINT WARNING * * *
The faun shoots a stone.
The stone barely misses you.
The faun shoots a sling bullet.
The sling bullet barely misses you. The wind drake flaps its wings at you.
The air twists around and strikes you.
The water nymph's watery aura covers the staircase back to the Lair.
Splash!
You fall into the shallow water.
Moving in this stuff is going to be slow.
Okay, then.
Unknown command.
As you read the scroll of fear, it crumbles to dust.
You assume a fearsome visage.
The wind drake looks frightened!
The manticore looks frightened!
The water nymph looks frightened!
The snapping turtle looks frightened!
The manticore looks frightened!
The faun looks frightened! x2
Unknown command.
Unknown command.
The barbed spikes dig painfully into your body as you move.
* * * LOW HITPOINT WARNING * * *
You feel your willpower return.
Things that are here:
a +0 trident; 7 boomerangs Unknown command.
The barbed spikes dig painfully into your body as you move.
* * * LOW HITPOINT WARNING * * *
The faun shoots a sling bullet.
The sling bullet hits you.
* * * LOW HITPOINT WARNING * * *
A wind drake comes into view.
Unknown command.
The barbed spikes dig painfully into your body as you move.
* * * LOW HITPOINT WARNING * * *
The faun shoots a sling bullet.
The sling bullet closely misses you.
The water nymph flows with the water.
Splash!
You fall into the shallow water.
Moving in this stuff is going to be slow.
The wind drake flaps its wings at you. The air twists around and strikes you!
You die...

≈≈≈≈≈≈≈≈≈≈≈≈≈≈≈≈≈≈≈≈≈
≈≈≈≈≈≈.≈≈≈≈≈≈≈≈≈≈...≈≈
≈≈≈≈≈≈≈≈≈≈≈≈≈≈≈≈≈≈...≈≈
≈≈≈≈≈≈≈≈≈≈≈≈≈...≈≈≈≈..≈≈
≈≈≈≈≈≈≈≈≈≈.≈≈≈≈((≈≈≈≈≈≈≈.
≈≈≈≈≈≈≈≈≈≈≈..≈≈≈≈≈≈≈≈.≈≈.≈
≈≈≈≈≈≈≈≈≈≈≈≈≈≈.≈≈≈≈≈≈.....
≈≈≈≈≈≈≈≈≈≈≈≈...m≈≈≈≈≈≈....
≈≈≈≈≈≈≈≈...).÷@≈≈≈≈≈≈...#.
≈≈≈≈≈≈≈≈≈.......)≈≈(≈.....#
≈≈≈≈≈≈≈≈≈.....##..........#
≈≈≈≈≈≈≈≈≈≈.≈≈≈###cS...≈...#
≈≈≈≈≈≈≈≈≈≈≈k≈≈..))....≈≈..#
≈≈≈≈≈≈≈≈≈(..≈..c.≈..≈≈≈≈..#
≈≈≈≈≈≈......≈..≈≈≈...≈≈≈≈.#.#
≈≈≈≈≈......P≈.≈@t......≈≈....
≈..≈≈.....≈≈.....H.H.....≈≈..


You could see a sea snake, a wind drake (repels missiles), a faun and a water
nymph (fleeing).

Vanquished Creatures
  Vashnia (Snake:1)
  Nikola (Snake:2)
  A nagaraja (Snake:1)
  Aizul (Snake:1)
  A minotaur (Gauntlet)
  The ghost of 12sPaWn12 the Basher, a journeyman GrFi of the Shining One (Lair:3)
  A yaktaur captain (D:13)
  8 naga warriors
  9 hydras
  A salamander tyrant (Snake:2)
  2 catoblepae
  5 centaur warriors
  4 boulder beetles
  2 two-headed ogres (D:10)
  A death knight (D:14)
  A merfolk aquamancer (Shoals:1)
  9 anacondas
  A tengu warrior (D:15)
  A deep troll shaman (Lair:6)
  6 death yaks
  10 naga sharpshooters
  5 shock serpents
  3 salamander mystics
  A sixfirhy (Gauntlet)
  6 skeletal warriors
  2 sea snakes
  A phantasmal warrior (D:14)
  2 deep elf pyromancers
  2 lindwurms
  5 naga ritualists
  5 harpies (Shoals:1)
  7 mana vipers
  3 cyclopes
  4 fauns (Shoals:1)
  21 ugly things
  10 slime creatures
  16 salamanders
  3 manticores
  3 guardian serpents
  24 elephants
  Joseph (D:8)
  A smoke demon (Gauntlet)
  A merfolk siren (Lair:4)
  34 black mambas
  A gargoyle (D:13)
  8 naga magi
  9 cane toads
  Maggie (Lair:2)
  7 rime drakes
  A minotaur zombie (Gauntlet)
  2 efreet
  8 komodo dragons
  A rime drake (shapeshifter) (D:15)
  2 yaktaurs (D:13)
  5 trolls
  A freezing wraith (D:14)
  3 meliai
  A queen bee (D:15)
  2 polar bears
  2 wind drakes (Shoals:1)
  8 merfolk
  Grinder (D:5)
  A hornet (D:8)
  A snapping turtle (Shoals:1)
  6 dream sheep (Lair:6)
  31 blink frogs
  Sigmund (D:3)
  3 basilisks
  3 water elementals (Shoals:1)
  3 shadows
  3 wraiths
  4 wyverns
  Eustachio (D:4)
  A fire elemental (Gauntlet)
  43 yaks
  4 steam dragons
  Grum (D:8)
  9 vampire mosquitoes
  16 nagas
  2 acid dragons
  17 water moccasins
  Duvessa (D:4)
  2 hell hounds (Gauntlet)
  An ice beast (D:7)
  A sky beast (D:6)
  A meliai simulacrum (D:14)
  6 orc warriors
  3 black bears
  3 necrophages
  2 ogres
  33 wolves
  6 centaurs
  7 kobold brigands (Sewer)
  15 bullfrogs
  2 scorpions
  Dowan (D:4)
  5 gnoll sergeants
  A wyvern zombie (D:5)
  A wyvern skeleton (D:7)
  32 killer bees
  5 electric eels
  A wight (D:7)
  2 howler monkeys
  A jelly (D:6)
  3 crimson imps (Gauntlet)
  4 centaur skeletons
  A bullfrog skeleton (D:7)
  2 hounds
  A centaur zombie (D:5)
  5 orc priests
  A gnoll shaman (D:9)
  An iguana (D:6)
  Terence (D:2)
  A scorpion zombie (D:5)
  10 orc wizards
  2 hell rats
  6 adders
  24 gnolls
  13 river rats
  A shadow imp (D:5)
  4 ufetubi
  An adder skeleton (D:4)
  3 worms
  4 dart slugs
  46 orcs
  9 ball pythons
  9 bats
  4 endoplasms
  2 giant cockroaches
  4 goblins
  5 hobgoblins
  6 jackals
  5 kobolds
  4 quokkas
  A frilled lizard (D:3)
  10 rats
  A bush (Lair:6)
766 creatures vanquished.

Vanquished Creatures (collateral kills)
  A dire elephant (D:15)
  A salamander (D:15)
  A merfolk (D:15)
3 creatures vanquished.

Vanquished Creatures (others)
  A salamander (Snake:2)
  24 demonic plants (Gauntlet)
  52 fungi
  173 plants
250 creatures vanquished.

Grand Total: 1019 creatures vanquished

Notes
Turn   | Place    | Note
-------+----------+-------------------------------------------
     0 | D:1      | cdecastro the Minotaur Berserker began the quest for the
                  | Orb.
     0 | D:1      | Reached XP level 1. HP: 19/19 MP: 0/0
    46 | D:1      | Reached skill level 4 in Axes
   123 | D:1      | Reached XP level 2. HP: 26/26 MP: 1/1
   476 | D:1      | Found a faded altar of an unknown god.
   645 | D:2      | Found an opulent altar of Gozag.
   699 | D:2      | Reached skill level 5 in Axes
   839 | D:2      | Reached XP level 3. HP: 28/31 MP: 2/2
  1305 | D:2      | Noticed Terence
  1311 | D:2      | Killed Terence
  1626 | D:3      | Noticed an ogre
  1631 | D:3      | Killed an ogre
  1632 | D:3      | Reached skill level 7 in Axes
  1632 | D:3      | Reached XP level 4. HP: 39/39 MP: 3/3
  1632 | D:3      | Reached XP level 5. HP: 45/45 MP: 4/4
  1841 | D:3      | Noticed Sigmund
  1848 | D:3      | Killed Sigmund
  1849 | D:3      | Reached skill level 8 in Axes
  1849 | D:3      | Reached XP level 6. HP: 51/51 MP: 5/5
  2085 | D:3      | Found Batoac's Assorted Antiques.
  2109 | D:3      | Bought a scroll labelled SASTRE XUCK for 28 gold pieces
  2109 | D:3      | Bought a scroll labelled DUEMYI ITAVO for 28 gold pieces
  2109 | D:3      | Bought a scroll labelled PINITH YTEOWN for 28 gold pieces
  2109 | D:3      | Bought a scroll labelled DUEMYI ITAVO for 28 gold pieces
  2568 | D:4      | Reached ** piety under Trog
  2729 | D:4      | Noticed Eustachio
  2820 | D:4      | Killed Eustachio
  2821 | D:4      | Reached skill level 9 in Axes
  2981 | D:4      | Noticed Duvessa
  2981 | D:4      | Noticed Dowan
  2994 | D:4      | Killed Duvessa
  2995 | D:4      | Reached skill level 10 in Axes
  2995 | D:4      | Reached XP level 7. HP: 58/58 MP: 6/6
  2999 | D:4      | Killed Dowan
  3152 | D:4      | Reached skill level 5 in Fighting
  3613 | D:5      | Entered Level 5 of the Dungeon
  3618 | D:5      | Noticed Grinder
  3631 | D:5      | Killed Grinder
  3632 | D:5      | Reached XP level 8. HP: 73/73 MP: 7/7
  4022 | D:5      | Found a glowing drain.
  4026 | Sewer    | Entered a sewer
  4089 | Sewer    | Reached *** piety under Trog
  4100 | Sewer    | Reached skill level 10 in Fighting
  4518 | Sewer    | Reached skill level 5 in Armour
  4850 | Sewer    | Reached XP level 9. HP: 80/85 MP: 8/8
  5141 | D:5      | Found a staircase to the Ecumenical Temple.
  5156 | Temple   | Entered the Ecumenical Temple
  5850 | D:6      | Reached skill level 11 in Axes
  5892 | D:6      | Reached **** piety under Trog
  6662 | D:7      | Found Jokak's Antique Armour Shoppe.
  6732 | D:7      | Found a sparkling altar of Nemelex Xobeh.
  6765 | D:7      | Reached skill level 12 in Axes
  7393 | D:7      | Reached skill level 13 in Axes
  8036 | D:8      | Reached XP level 10. HP: 93/93 MP: 9/9
  8064 | D:7      | Reached skill level 14 in Axes
  8126 | D:8      | Identified the +3 trident of the Ship {drain, rC+ rN+}
  8346 | D:8      | Noticed Grum
  8359 | D:8      | Killed Grum
  8780 | D:8      | Noticed Joseph
  8799 | D:8      | Killed Joseph
  8800 | D:8      | Reached skill level 15 in Axes
  9090 | D:8      | Found a staircase to the Lair.
 10181 | D:9      | Reached ***** piety under Trog
 10932 | D:10     | Entered Level 10 of the Dungeon
 10998 | D:10     | Noticed a two-headed ogre
 11018 | D:10     | Killed a two-headed ogre
 11019 | D:10     | Reached XP level 11. HP: 105/105 MP: 10/10
 11027 | D:10     | Noticed a two-headed ogre
 12133 | D:11     | Noticed a boulder beetle
 12133 | D:11     | Found a staircase to the Orcish Mines.
 12148 | D:11     | Killed a boulder beetle
 12290 | D:10     | Killed a two-headed ogre
 12342 | D:11     | Identified the ring of Xom's Entertainment {rPois SInv}
 12391 | D:11     | Found a portal to a secret trove of treasure.
 12476 | D:11     | Noticed a boulder beetle
 12483 | D:11     | Killed a boulder beetle
 13206 | D:11     | Noticed a six-headed hydra
 13214 | D:11     | Killed a six-headed hydra
 13215 | D:11     | Reached skill level 15 in Fighting
 13568 | D:12     | Identified the +4 scale mail of the Tuna {*Corrode rPois
                  | Regen+ SInv}
 13581 | D:12     | Noticed a purple ugly thing
 13598 | D:12     | Killed a purple ugly thing
 13667 | D:12     | Identified 5 scrolls of acquirement
 13785 | D:12     | Acquired a +0 executioner's axe of freezing
 14035 | D:12     | Noticed a brown ugly thing
 14036 | D:12     | Noticed a two-headed ogre
 14254 | D:12     | Reached XP level 12. HP: 119/119 MP: 11/11
 14691 | D:12     | Reached skill level 10 in Armour
 14691 | D:12     | Reached skill level 1 in Evocations
 14966 | D:13     | Noticed a yaktaur captain
 15442 | D:13     | Killed a yaktaur captain
 15873 | D:13     | Reached skill level 5 in Evocations
 16299 | D:13     | Noticed a centaur warrior
 16312 | D:13     | Killed a centaur warrior
 16312 | D:13     | Received a gift from Trog
 16313 | D:13     | Reached skill level 16 in Axes
 16765 | D:13     | Found a gate to the Vaults.
 17408 | D:14     | Reached skill level 17 in Axes
 17842 | D:14     | Noticed a boulder beetle
 17860 | D:14     | Killed a boulder beetle
 17861 | D:14     | Reached XP level 13. HP: 97/126 MP: 12/12
 18122 | D:14     | Reached skill level 18 in Axes
 19157 | Lair:1   | Entered Level 1 of the Lair of Beasts
 19522 | Lair:1   | Reached skill level 19 in Axes
 19993 | Lair:1   | Identified the +8 battleaxe of Contention {vorpal, rF+
                  | SInv} (Trog gifted it to you on level 1 of the Lair of
                  | Beasts)
 19993 | Lair:1   | Received a gift from Trog
 20384 | Lair:2   | Noticed Maggie
 20389 | Lair:2   | Killed Maggie
 21407 | Lair:3   | Reached skill level 20 in Axes
 21896 | Lair:3   | Found a runed translucent gate.
 21899 | Lair:3   | Noticed 12sPaWn12's ghost (journeyman GrFi)
 21902 | Lair:3   | Found a runed translucent gate.
 21902 | Lair:3   | Found a runed translucent gate.
 22450 | Lair:4   | Found a gate leading to a gauntlet.
 22461 | Lair:4   | Reached XP level 14. HP: 107/136 MP: 13/13
 22461 | Lair:4   | Found a staircase to the Snake Pit.
 22481 | Gauntlet | Entered a Gauntlet
 22481 | Gauntlet | Found a transporter.
 22481 | Gauntlet | Found a transporter.
 22553 | Gauntlet | Found a transporter.
 22562 | Gauntlet | Found a transporter.
 22581 | Gauntlet | Found a transporter.
 22591 | Gauntlet | Found a transporter.
 22591 | Gauntlet | Found a transporter.
 22615 | Gauntlet | Found a transporter.
 22622 | Gauntlet | Found a transporter.
 22634 | Gauntlet | Found a transporter.
 22645 | Gauntlet | Found a transporter.
 22654 | Gauntlet | Found a transporter.
 22687 | Gauntlet | Found a transporter.
 22709 | Gauntlet | Found a transporter.
 22804 | Gauntlet | Found a transporter.
 22818 | Gauntlet | Found a transporter.
 23226 | Gauntlet | Identified the +2 pair of boots "Rerhamn" {rF+ Will+}
 23736 | Lair:4   | Found a staircase to the Shoals.
 24386 | Lair:5   | Reached ****** piety under Trog
 24998 | Lair:5   | You fall into a shaft and drop 1 floor!
 24998 | Lair:6   | Entered Level 6 of the Lair of Beasts
 24998 | Lair:6   | Found a staircase to the Slime Pits.
 24998 | Lair:6   | Found a viscous altar of Jiyva.
 25007 | Lair:6   | Received a gift from Trog
 26117 | Lair:6   | Reached XP level 15. HP: 123/152 MP: 14/14
 27047 | Lair:6   | Received a gift from Trog
 27073 | Lair:6   | Identified the ring of the Middle {rPois rCorr Str+6 Dex-2
                  | Stlth-}
 27598 | Lair:3   | Killed 12sPaWn12's ghost
 28123 | D:14     | Identified Roxanne's Disquisition on Shape Shifting
 28123 | D:14     | Noticed Roxanne
 28445 | D:15     | Entered Level 15 of the Dungeon
 29014 | D:15     | Found a staircase to the Depths.
 30991 | Snake:1  | Entered Level 1 of the Snake Pit
 32180 | Snake:1  | Found Byjohew's General Store.
 32443 | Snake:1  | You fall into a shaft and drop 1 floor!
 32443 | Snake:2  | Noticed Nikola
 33101 | Snake:1  | Reached skill level 15 in Armour
 33313 | Snake:2  | Received a gift from Trog
 33534 | Snake:2  | Killed Nikola
 33535 | Snake:2  | Reached XP level 16. HP: 121/162 MP: 15/15
 34747 | Snake:2  | Noticed Vashnia
 36085 | Snake:2  | Noticed Aizul
 36274 | Snake:1  | Killed Aizul
 36822 | Snake:1  | Killed Vashnia
 37421 | Snake:2  | Found Qoxaon's Weapon Shoppe.
 37425 | Snake:2  | Found Pevuaqace's Magic Scroll Emporium.
 37431 | Snake:2  | Bought 3 scrolls of teleportation for 162 gold pieces
 37431 | Snake:2  | Bought a scroll of teleportation for 54 gold pieces
 37431 | Snake:2  | Bought a scroll of teleportation for 54 gold pieces
 37431 | Snake:2  | Bought 3 scrolls of fog for 108 gold pieces
 37431 | Snake:2  | Bought a scroll of holy word for 135 gold pieces
 37431 | Snake:2  | Bought a scroll of teleportation for 54 gold pieces
 37431 | Snake:2  | Bought a scroll of identify for 36 gold pieces
 37431 | Snake:2  | Bought a scroll of identify for 36 gold pieces
 37431 | Snake:2  | Bought a scroll of identify for 36 gold pieces
 37431 | Snake:2  | Bought a scroll of fear for 63 gold pieces
 37431 | Snake:2  | Bought a scroll of fear for 63 gold pieces
 37431 | Snake:2  | Bought a scroll of vulnerability for 135 gold pieces
 37677 | Snake:3  | Reached skill level 10 in Evocations
 38751 | Snake:3  | Received a gift from Trog
 39142 | Snake:3  | Reached skill level 21 in Axes
 39970 | Snake:3  | Acquired the amulet of Locok {Spirit +Blink}
 40074 | Shoals:1 | Entered Level 1 of the Shoals
 40355 | Shoals:1 | Reached XP level 17. HP: 100/170 MP: 8/16
 41313 | Shoals:1 | Noticed Josephine
 41347 | Shoals:1 | Killed from afar by a wind drake

Illustrated notes

Levels and vault maps discovered:
D:1:      saegor_arrival_simple_a, layout_rooms, ebering_ecumenical_altar_ruins,
          grunt_decor_junction
D:2:      layout_loops_ring, basic_altar, kennysheep_generic_room_14,
          uniq_terence
D:3:      layout_loops_ring, serial_shops, nicolae_diamond_shop,
          lemuel_old_faithful, uniq_sigmund
D:4:      layout_rooms, chequers_jeans, corner_web_ring, uniq_duvessa,
          uniq_eustachio
D:5:      layout_basic, minmay_temple_entry_glassed_door, gup_sewer_entry_bowl,
          uniq_grinder
D:6:      layout_basic, kennysheep_nub, hangedman_decor_push,
          eino_small_chamber_without_monster, kennysheep_generic_room_11
D:7:      layout_loops_cross, nemelex_spade_bored_becter, serial_shops,
          nicolae_shop_trees, minmay_increasing_density
D:8:      layout_basic, lair_entry_dummy, uniq_joseph, uniq_grum
D:9:      layout_irregular_city, kennysheep_generic_room_13
D:10:     layout_irregular_city
D:11:     layout_rooms, orc_0_dummy, trove_entry_hex_spiral
D:12:     layout_long_grid
D:13:     layout_stronghold, david_vaults_2
D:14:     layout_long_grid, uniq_roxanne
D:15:     hangedman_depths_entry_try_elsewhere_first, layout_layer_cave,
          special_room [special_room_bee]
Temple:   nicolae_temple_the_god_donut
Lair:1:   layout_chaotic_city, fungi_pond_lemuel, serial_bayou_ford_a,
          wad_woods_river_01, lemuel_fruit_fields
Lair:2:   layout_cave_pods, uniq_maggie
Lair:3:   layout_long_grid, gammafunk_ghost_split, kennysheep_rathole,
          lemuel_fruit_tree, lemuel_fruit_fields
Lair:4:   layout_regular_city, elwin_shoals_entry_stream,
          guppyfry_snake_entry_island, gauntlet_entry_generic,
          infiniplex_staircase_pool_2
Lair:5:   layout_cave_pods
Lair:6:   grunt_lair_end_beastmaster, layout_loops_ring, slime_altar_1,
          wad_woods_river_02
Shoals:1: layout_shoals, uniq_josephine
Snake:1:  layout_grid_maze, serial_shops, nicolae_take_the_stairs
Snake:2:  layout_misc_corridors, nicolae_snake_snakes_in_the_grass,
          minmay_shoptagon, uniq_vashnia, uniq_aizul, uniq_nikola
Snake:3:  layout_onion, grunt_megastairs_2

Skill      XL: |  1  2  3  4  5  6  7  8  9 10 11 12 13 14 15 16 |
---------------+-------------------------------------------------+-----
Axes           | 4 5 7 8 10 13 15 17 20 21 | 21.8
Fighting       | 7 10 12 15 19 20 | 20.0
Armour         | 5 9 10 15 | 15.0
Evocations     | 5 6 10 | 10.0
Dodging        | |  2.1

Action                   |  1- 3 |  4- 6 |  7- 9 | 10-12 | 13-15 | 16-18 || total
-------------------------+-------+-------+-------+-------+-------+-------++-------
Melee: Hand axe          |    56 |    84 |   270 |   181 |       |       ||   591
       Headbutt          |    10 |    15 |    68 |   155 |   205 |    97 ||   550
       War axe           |       |       |       |   273 |       |       ||   273
       Trident           |       |       |       |     3 |       |       ||     3
       Battleaxe         |       |       |       |    59 |   802 |   330 ||  1191
Invok: Berserk           |     2 |     6 |    17 |    21 |    18 |     6 ||    70
       Trog's Hand       |       |       |       |       |     1 |       ||     1
       Brothers in Arms  |       |       |       |       |     1 |       ||     1
Evoke: Wand              |       |       |       |       |     8 |     4 ||    12
       Piece from Xom's  |       |       |       |       |       |     2 ||     2
  Use: Scroll            |       |       |       |    14 |    18 |     5 ||    37
 Stab: Petrifying        |       |       |       |       |     2 |       ||     2
       Confused          |       |       |       |       |       |     1 ||     1
Armor: Animal skin       |    13 |       |       |       |       |       ||    13
       Scale mail        |     1 |    24 |    82 |     7 |       |       ||   114
       Ring mail         |       |       |       |   166 |   372 |       ||   538
       Plate armour      |       |       |       |       |    30 |   240 ||   270
Dodge: Dodged            |    45 |    37 |   146 |   221 |   386 |   260 ||  1095
